 Dungeon Crawl Stone Soup version 0.28.0 (console) character file.

Game seed: 15757948037122905209

47 Garrluk the Chopper (level 3, 0/31 HPs)
             Began as a Hill Orc Berserker on Feb 8, 2022.
             Was a Follower of Trog.
             Slain by an orc (1 damage)
             ... on level 2 of the Dungeon.
             The game lasted 00:03:02 (1231 turns).

Garrluk the Chopper (Hill Orc Berserker)            Turns: 1231, Time: 00:03:03

Health: 0/31       AC:  2    Str: 21    XL:     3   Next: 70%
Magic:  3/3        EV: 11    Int:  7    God:    Trog [*.....]
Gold:   62         SH:  0    Dex: 10    Spells: 2/2 levels left

rFire   . . .      SeeInvis .   a - +0 hand axe
rCold   + . .      Faith    .   (no shield)
rNeg    . . .      Spirit   .   b - +0 animal skin
rPois   .          Reflect  .   (no helmet)
rElec   .          Harm     .   (no cloak)
rCorr   .          Rampage  .   (no gloves)
Will    .....                   (no boots)
Stlth   +.........              (no amulet)
HPRegen 0.10/turn               l - ring of protection from cold
MPRegen 0.08/turn               (no ring)

@: on berserk cooldown, slowed, very slow
A: no striking features
a: Renounce Religion, Convert to Beogh, Berserk


You were on level 2 of the Dungeon.
You worshipped Trog.
Trog was aware of your devotion.
You visited 1 branch of the dungeon, and saw 3 of its levels.

You collected 62 gold pieces.

Inventory:

Hand Weapons
 a - a +0 hand axe (weapon)
 k - the +1 trident of Midnight {vamp, rF++}
   (You found it on level 2 of the Dungeon)

   It occasionally heals its wielder for a portion of the damage dealt when it
   wounds a living foe.
   rF:        It greatly protects you from fire.
Missiles
 i - 2 stones (quivered)
 j - 16 sling bullets
Armour
 b - a +0 animal skin (worn)
Jewellery
 l - a ring of protection from cold (left hand)
Scrolls
 c - a scroll of brand weapon {unknown}
 d - a scroll of teleportation {unknown}
 f - a scroll of blinking {unknown}
 g - a scroll of identify {unknown}
Potions
 e - a potion of mutation {unknown}
 h - a potion of ambrosia {unknown}


   Skills:
 - Level 3.6 Fighting
 * Level 6.1 Axes
 - Level 2.1 Armour
 - Level 1.5 Dodging


You had 2 spell levels left.
You didn't know any spells.
Your spell library was empty.

Dungeon Overview and Level Annotations

Branches:
Dungeon (3/15)

Altars:


Message History

You slash the orc!
You kill the orc!
Trog accepts your kill.
The orc shouts!
The orc priest shouts, "Join the one true god or die!" (press Y on the ability menu to convert to Beogh)
The orc priest shouts!
The orc shouts! x2
The orc throws a boomerang.
The boomerang hits you.
You see here a +0 dagger.
You feel a strong urge to attack something.
Found 11 gold pieces.
You feel your anger nearly subside.
You are no longer berserk.
You are exhausted.
You feel yourself slow down.
You hit the orc priest.
The orc priest shouts, "Surrender to Beogh and we'll let you live!"
The orc priest is moderately wounded.
You hit the orc. The orc closely misses you.
The orc priest shouts, "Join the one true god or die!"
The orc priest hits you but does no damage.
The orc hits you with a +0 club. x2
You barely miss the orc priest.
The orc priest is moderately wounded.
You closely miss the orc. You hit the orc but do no damage. You hit the orc.
The orc priest misses you.
The orc closely misses you. x2; The orc hits you with a +0 club.
The orc priest hits you with a +0 club.
You hit the orc priest but do no damage.
The orc priest is moderately wounded.
You barely miss the orc.
You hit the orc. x2; The orc barely misses you.
The orc completely misses you. The orc barely misses you.
The orc priest invokes the aid of Beogh against you.
Beogh smites you! The orc hits you but does no damage.
The orc hits you with a +0 whip. The orc hits you with a +0 club.
* * * LOW HITPOINT WARNING * * *
The orc priest closely misses you. The orc barely misses you.
The orc closely misses you.
The orc priest threatens, "By the altar or by the axe, you will meet Beogh!"
The orc hits you with a +0 club.
* * * LOW HITPOINT WARNING * * *
The orc priest hits you with a +0 club.
* * * LOW HITPOINT WARNING * * *
The orc hits you with a +0 club.
You die...

###.#### #.# #
#####.# # #.....#
# #.....# #
#.....# # #.....#
#
#########.....####
#..........[..##..
#.###########.##..
#@###########.##..
#oo...............
#o)#########......
#o........###..###
#...≈...≈..##..# #
#..........$#..# #
#..........⌠#..# #
#..........$#.## #
##..≈...≈..##.# #
#........###.#
#.######## ..


You could see an orc priest and 3 orcs.

Vanquished Creatures
  An adder (D:2)
  A dart slug (D:1)
  An orc (D:2)
  2 ball pythons
  5 endoplasms
  A giant cockroach (D:2)
  6 goblins
  A hobgoblin (D:1)
  3 jackals (D:1)
  3 quokkas
  2 bats (D:2)
  2 frilled lizards (D:1)
  2 kobolds (D:1)
  A rat (D:2)
31 creatures vanquished.

Notes
Turn   | Place    | Note
-------+----------+-------------------------------------------
     0 | D:1      | Garrluk the Hill Orc Berserker began the quest for the Orb.
     0 | D:1      | Reached XP level 1. HP: 19/19 MP: 1/1
    83 | D:1      | Found a faded altar of an unknown god.
   375 | D:1      | Reached XP level 2. HP: 26/26 MP: 2/2
   450 | D:1      | Reached skill level 5 in Axes
   687 | D:2      | Reached XP level 3. HP: 17/31 MP: 3/3
   882 | D:3      | Noticed an ogre
  1127 | D:2      | Identified the +1 trident of Midnight {vamp, rF++}
  1138 | D:2      | Reached skill level 6 in Axes
  1230 | D:2      | HP: 1/31 [orc priest (5)]
  1231 | D:2      | Slain by an orc

Illustrated notes

Levels and vault maps discovered:
D:1:      matt_arrival_refuge, layout_loops_cross,
          ebering_ecumenical_altar_mist, minmay_tripent
D:2:      cheibrodos_pilgrimage, layout_basic
D:3:      layout_basic, uniq_sigmund

Skill      XL: |  1  2  3 |
---------------+----------+-----
Axes           | 5 6 |  6.1
Fighting       | |  3.6
Armour         | |  2.1
Dodging        | |  1.5

Action                   || total
-------------------------++-------
Melee: Hand axe          ||    92
       Punch             ||     1
Invok: Berserk           ||     1
Armor: Animal skin       ||    14
Dodge: Dodged            ||    65
